 Dungeon Crawl Stone Soup version 0.31-a0-112-gdf0485fa37 (webtiles) character file.

Game seed: 54236303453403825

21217 Drazool the Basher (level 12, -4/112 HPs)
             Began as an Armataur Fighter on May 28, 2023.
             Was a High Priest of Wu Jian.
             Slain by a pharaoh ant (14 damage)
             ... on level 2 of the Lair of Beasts.
             The game lasted 01:11:05 (18281 turns).

Drazool the Basher (Armataur Fighter)              Turns: 18281, Time: 01:11:05

Health: -4/112     AC: 21    Str: 33    XL:     12   Next: 52%
Magic:  12/12      EV:  6    Int:  9    God:    Wu Jian [*****.]
Gold:   1283       SH:  4    Dex:  9    Spells: 11/11 levels left

rFire   + . .        w - +0 broad axe
rCold   . . .        c - +0 buckler
rNeg    . . .        O - +2 scale mail {rPois}
rPois   +            (no helmet)
rElec   .            h - +1 cloak
rCorr   .            H - +2 pair of gloves
SInv    .            y - +0 barding {Fly}
Will    .....        (no amulet) Stlth
                     F - ring of protection from fire
HPRegen 0.38/turn    S - +6 ring of strength
MPRegen 0.13/turn

%: roll
@: silenced, flying
A: large, rugged brown scales 3, deformed body, armoured tail, roll, long
tongue, awkward tongue
a: Renounce Religion, Wall Jump


You were on level 2 of the Lair of Beasts.
You worshipped Wu Jian.
Wu Jian was extremely pleased with you.
You visited 2 branches of the dungeon, and saw 13 of its levels.
You also visited: Ossuary and Bailey.

You collected 1305 gold pieces.
You spent 22 gold pieces at shops.


Innate Abilities, Weirdness & Mutations

You are completely covered in rugged brown scales. (AC +3, +7% HP)
Armour fits poorly on your strangely shaped body.
You have a long armoured tail.
You roll when moving toward enemies. (Rampage)
Your long tongue fully drains potion bottles. (2x potion effects)
Your tongue gives you trouble enunciating. (1.5x scroll delay)


   Skills:
 - Level 9.5 Fighting
 + Level 10.4(12.2) Axes
 - Level 11.2(13.2) Maces & Flails
 - Level 4.0 Throwing
 - Level 8.1 Armour
 - Level 3.2 Shields


You had 11 spell levels left.
You didn't know any spells.
Your spell library contained the following spells:

 Spells                   Type           Power      Damage    Failure   Level
 Apportation              Tloc           0%         N/A       63%         1
 Kiss of Death            Conj/Necr      0%         2d5       63%         1
 Magic Dart               Conj           0%         1d3       63%         1
 Necrotise                Necr           0%         1d4       63%         1
 Summon Small Mammal      Summ           0%         N/A       63%         1
 Blink                    Tloc           0%         N/A       77%         2
 Lesser Beckoning         Tloc           0%         N/A       77%         2
 Momentum Strike          Conj/Tloc      0%         3d8       77%         2
 Searing Ray              Conj           0%         2d4       77%         2
 Confusing Touch          Hex            0%         N/A       94%         3
 Inner Flame              Hex/Fire       0%         N/A       94%         3
 Dispel Undead            Necr           0%         3d6       100%        4
 Flame Wave               Conj/Fire      0%         2d4       100%        4
 Fulminant Prism          Conj/Hex       0%         3d5       100%        4
 Sticky Flame             Conj/Fire      0%         2d3       100%        4

Inventory:

Hand Weapons
 a - a +1 war axe of chaos
 b - a +2 whip of electrocution
 t - a +0 morningstar
 w - a +0 broad axe (weapon)
Missiles
 m - 31 poisoned darts
 n - 90 stones
 L - 5 curare-tipped darts {=f}
 M - 13 boomerangs (quivered)
Armour
 c - a +0 buckler (worn)
 h - a +1 cloak (worn)
 u - the +2 scale mail of a Gauntlet {rC+ rN+ Dex+2 Stlth-}
   (You found it on level 5 of the Dungeon)

   Dex:       It affects your dexterity (+2).
   rC:        It protects you from cold.
   rN:        It protects you from negative energy.
   Stlth:     It makes you less stealthy.
 y - a +0 barding of flying (worn)
 H - a +2 pair of gloves (worn)
 O - a +2 scale mail of poison resistance (worn)
Jewellery
 d - the amulet of Itucw {Faith rElec Str-3 Stlth+}
   (You found it on level 2 of the Dungeon)

   [amulet of faith]

   It allows you to gain divine favour quickly.
   Str:       It affects your strength (-3).
   rElec:     It insulates you from electricity.
   Stlth:     It makes you more stealthy.
 f - a ring of fire
 i - a +6 ring of intelligence
 A - the amulet of Elemental Vulnerability {rPois rF-- rC-- AC+8}
   (You found it in an ossuary)

   [amulet of nothing]

   AC:        It affects your AC (+8).
   rF:        It makes you very vulnerable to fire.
   rC:        It makes you very vulnerable to cold.
   rPois:     It protects you from poison.
 F - a ring of protection from fire (left hand)
 I - a +6 ring of intelligence
 N - a ring of positive energy
 R - a ring of resist corrosion
 S - a +6 ring of strength (right hand)
Wands
 p - a wand of paralysis (9)
Scrolls
 e - a scroll of enchant weapon
 o - 6 scrolls of teleportation {@r2}
 q - 5 scrolls of immolation
 r - a scroll of fear
 s - 3 scrolls of amnesia
 z - 2 scrolls of magic mapping
 G - a scroll of silence {!r}
Potions
 g - a potion of enlightenment
 j - a potion of might
 k - 2 potions of mutation
 l - 2 potions of brilliance
 v - a potion of resistance {unknown}
 B - 3 potions of lignification
 C - a potion of magic
 D - a potion of attraction
 J - a potion of cancellation {unknown}

Dungeon Overview and Level Annotations

Branches:
Dungeon (11/15)            Temple (0/1) D:7            Lair (2/5) D:10
 Shoals (0/4) Lair:2      Ossuary (visited)          Bailey (visited)
  Snake: Lair:2-3    Spider: Lair:2-3       Orc: D:9-12

Altars:
Cheibriados
Fedhas
Gozag
Kikubaaqudgha
Makhleb
Nemelex Xobeh
Okawaru
Uskayaw
Vehumet
Wu Jian
Xom
Yredelemnul
Zin

Shops:
D:2 *   D:4 :

Annotations:
D:5 exclusion: statue
D:8 3 runed translucent doors, frimble's ghost, novice GnRe
D:10 exclusions: plant and 3 more exclusions
Lair:2 3 runed translucent doors, holysushi's ghost, journeyman DjNe # ###..##.#.#[.#.# #.##.#^..#..>...... ## ......#...#...... .. .....##......... ##. #.#.#...▒▒▒▒..▒ #... #.#..▒▒▒ ▒▒▒▒ P.#...# ###...▒▒ .ZWkZ

....F.†######..†..▒ ....D#
#.P....FB@......▒ .#....Z
#..#####.F#####....▒D.#...=.
##.# .....▒..# "..
#.F[†.....##.▒...##
#..#...#..# .▒▒....### ....
......# ..▒....... .....
...#... .▒▒[..... ......#
.... .# ..▒▒..$!. ......
...#. # ...▒▒▒+++


You could see a pharaoh ant and 3 blink frogs.


Message History

You slice the tarantella!!
You kill the tarantella!
The Council accepts your kill.
You barely miss the blink frog.
A blink frog comes into view.
The blink frog hits you but does no damage.
A blink frog comes into view.
The blink frog hits you.
* * * LOW HITPOINT WARNING * * *
Unknown command.
The blink frog blinks!
The blink frog blinks!
You block the pharaoh ant's attack.
Unknown command.
The blink frog blinks!
The pharaoh ant bites you but does no damage.
You hit the pharaoh ant.
The pharaoh ant is lightly damaged.
You block the pharaoh ant's attack.
You slash the pharaoh ant!
Your tail-slap misses the pharaoh ant.
The pharaoh ant is moderately damaged.
The pharaoh ant bites you!!
* * * LOW HITPOINT WARNING * * *
Unknown command.
You barely miss the pharaoh ant.
The pharaoh ant is moderately damaged.
The pharaoh ant bites you!!
* * * LOW HITPOINT WARNING * * *
The blink frog blinks!
The pharaoh ant bites you!
You die...

Skill      XL: |  1  2  3  4  5  6  7  8  9 10 11 12 |
---------------+-------------------------------------+-----
Axes           | 2 3 4 5 7 9 10 | 10.4
Throwing       | 1 2 3 4 |  4.0
Maces & Flails | 5 9 11 | 11.2
Fighting       | 4 7 8 9 |  9.5
Armour         | 5 8 |  8.1
Shields        | |  3.2

Action                     |  1- 3 |  4- 6 |  7- 9 | 10-12 || total
---------------------------+-------+-------+-------+-------++-------
  Melee: War axe           |    68 |   127 |   219 |       ||   414
         Tailslap          |     9 |    14 |    71 |   111 ||   205
         Whip              |       |       |   193 |   762 ||   955
         Broad axe         |       |       |       |    24 ||    24
  Throw: Stone             |    18 |    25 |    17 |       ||    60
         Dart              |       |    13 |    31 |    23 ||    67
         Boomerang         |       |       |    12 |    72 ||    84
 Invoke: Serpent's Lash    |       |       |       |     1 ||     1
Ability: Whirlwind         |       |       |     1 |    10 ||    11
  Evoke: Wand              |       |     3 |     5 |    10 ||    18
    Use: Scroll            |     5 |     3 |    11 |    12 ||    31
         Potion            |     1 |       |     9 |     8 ||    18
   Stab: Paralysed         |       |       |     6 |       ||     6
 Armour: Scale mail        |    44 |    48 |   157 |   382 ||   631
  Dodge: Dodged            |    29 |    43 |   113 |   118 ||   303
  Block: Buckler           |    16 |    15 |    54 |    88 ||   173

Levels and vault maps discovered:
D:1:      psy_arrival_spokes, layout_basic
D:2:      layout_rooms, serial_shops, nicolae_shop_waterfront,
          serial_park_tiny_pond, wad_floor_pattern_2, uniq_jessica
D:3:      layout_rooms, serial_shops, nicolae_shop_window_shopping,
          dreamdust_ecumenical_altar_angels_and_demons,
          minmay_misc_feat_diagonals, minmay_misc_feat_five, amethyst_killhole,
          uniq_natasha
D:4:      layout_loops_corners, lemuel_crystal_altar,
          pdpol_wu_jian_five_deadly_venoms, serial_shops, shop
D:5:      layout_loops_ring, vehumet_statue
D:6:      layout_basic, xom_teletrap_fun, nicolae_ossuary_entry_catacombs,
          uniq_pikel
D:7:      layout_loops_corners, nemelex_diamond_rough_becter,
          okawaru_gym_becter, overflow_temple_1_default,
          minmay_temple_entry_mini_moons, serial_shops, nicolae_shop_peninsula,
          corexii_item_surrounded_by_moat, uniq_menkaure
D:8:      layout_basic, nicolae_yredelemnul_ghost_church, enter_bailey_3,
          minmay_three_doors
D:9:      layout_irregular_city, grunt_temple_overflow_order_and_chaos_2,
          grunt_gozag_breadcrumbs, amcnicky_altar_gilded, hex_medium
D:10:     layout_irregular_city, kiku_gazebo_garden_becter, erik_lair_dragon,
          serial_bayou, serial_bayou_lagoon_a, serial_bayou_pond_d,
          serial_bayou_pond_a, serial_bayou_shore_b, item_on_display_a
D:11:     layout_roguey, erik_orc_2
Lair:1:   layout_regular_city, patterned_corridor
Lair:2:   layout_loops_ring, minmay_shoals_entry_centaurs,
          nicolae_spider_entry_lesser_pyramids, gammafunk_ghost_icy,
          nicolae_quartered_pool_impasse, uniq_gastronok

Notes
Turn   | Place    | Note
-------+----------+-------------------------------------------
     0 | D:1      | Drazool the Armataur Fighter began the quest for the Orb.
     0 | D:1      | Reached XP level 1. HP: 19/19 MP: 1/1
   114 | D:1      | Reached skill level 2 in Axes
   574 | D:1      | Reached XP level 2. HP: 26/26 MP: 2/2
  1202 | D:2      | Reached XP level 3. HP: 31/32 MP: 3/3
  1203 | D:2      | Found Jaruf's General Store.
  1251 | D:2      | Reached skill level 1 in Throwing
  1289 | D:2      | Noticed Jessica
  1298 | D:2      | Killed Jessica
  1299 | D:2      | Reached skill level 3 in Axes
  1391 | D:2      | Identified the amulet of Itucw {Faith rElec Str-3 Stlth+}
  1447 | D:2      | Bought a scroll of identify for 22 gold pieces
  1491 | D:3      | Found a faded altar of an unknown god.
  1507 | D:3      | Found Suqanufuax's Magic Scroll Boutique.
  1571 | D:3      | Reached XP level 4. HP: 37/39 MP: 4/4
  1816 | D:3      | Noticed Natasha
  1830 | D:3      | Killed Natasha
  1964 | D:3      | Noticed Natasha
  1969 | D:3      | Killed Natasha
  1970 | D:3      | Reached skill level 2 in Throwing
  1970 | D:3      | Reached XP level 5. HP: 44/44 MP: 5/5
  1988 | D:3      | Noticed Natasha
  1995 | D:3      | Killed Natasha
  2128 | D:4      | Reached skill level 4 in Axes
  2348 | D:4      | Found Rousch's Book Shop.
  2512 | D:4      | Reached XP level 6. HP: 31/53 MP: 6/6
  2632 | D:4      | Found a snail-covered altar of Cheibriados.
  2809 | D:4      | Reached skill level 3 in Throwing
  3285 | D:4      | Found an ornate altar of the Wu Jian Council.
  3291 | D:4      | Noticed a spectral centipede
  3291 | D:4      | Noticed a spectral black mamba
  3291 | D:4      | Noticed a spectral cane toad
  3292 | D:4      | Became a worshipper of the Wu Jian Council
  3315 | D:5      | Entered Level 5 of the Dungeon
  3342 | D:5      | Reached skill level 5 in Axes
  3459 | D:5      | Found a radiant altar of Vehumet.
  3481 | D:5      | Reached XP level 7. HP: 51/59 MP: 7/7
  3787 | D:5      | Identified the +2 scale mail of a Gauntlet {rC+ rN+ Dex+2
                  | Stlth-}
  4216 | D:6      | Found a sand-covered staircase.
  4223 | Ossuary  | Entered an ossuary
  4260 | Ossuary  | Reached skill level 4 in Throwing
  4274 | Ossuary  | Found the amulet of Elemental Vulnerability {rPois rF--
                  | rC-- AC+8}
  4291 | Ossuary  | Reached skill level 6 in Axes
  4359 | Ossuary  | Reached * piety under Wu Jian
  4555 | Ossuary  | Reached skill level 7 in Axes
  4555 | Ossuary  | Reached XP level 8. HP: 65/66 MP: 8/8
  4901 | D:6      | Noticed Pikel
  4996 | D:6      | Reached skill level 8 in Axes
  5719 | D:6      | Found a shimmering altar of Xom.
  6138 | D:6      | Reached skill level 9 in Axes
  6338 | D:6      | Killed Pikel
  6339 | D:6      | Reached XP level 9. HP: 44/72 MP: 9/9
  6980 | D:7      | Reached skill level 1 in Maces & Flails
  7041 | D:7      | Found a staircase to the Ecumenical Temple.
  7042 | D:7      | Noticed Menkaure
  7140 | D:6      | Reached skill level 3 in Fighting
  7248 | D:7      | Killed Menkaure
  7249 | D:7      | Reached skill level 2 in Maces & Flails
  7524 | D:7      | Found a sparkling altar of Nemelex Xobeh.
  7619 | D:7      | Found an iron altar of Okawaru.
  7629 | D:7      | Found a blossoming altar of Fedhas.
  7639 | D:7      | Reached ** piety under Wu Jian
  7848 | D:7      | Reached skill level 3 in Maces & Flails
  7962 | D:7      | Reached skill level 4 in Fighting
  7976 | D:7      | Reached skill level 4 in Maces & Flails
  8207 | D:7      | Found Apenop's Armour Boutique.
  8473 | D:8      | Found a flagged portal.
  8490 | Bailey   | Entered a bailey
  8510 | Bailey   | Noticed an orc knight
  8596 | Bailey   | Noticed an orc knight
  8680 | Bailey   | Reached skill level 5 in Maces & Flails
  8951 | Bailey   | Reached XP level 10. HP: 63/85 MP: 10/10
  9340 | Bailey   | Killed an orc knight
  9341 | Bailey   | Reached skill level 5 in Fighting
  9341 | Bailey   | Reached skill level 6 in Maces & Flails
  9548 | Bailey   | Killed an orc knight
  9548 | Bailey   | Reached *** piety under Wu Jian
  9745 | D:8      | Noticed a two-headed ogre
 10079 | D:8      | Identified the +1 short sword of the Zealous God {freeze,
                  | Drain Str+6 Int+3 Dex+3}
 10115 | D:8      | Reached skill level 7 in Maces & Flails
 10292 | D:8      | Found a runed translucent gate.
 10292 | D:8      | Found a runed translucent gate.
 10292 | D:8      | Found a runed translucent gate.
 10292 | D:8      | Noticed frimble's ghost (novice GnRe)
 10294 | D:8      | Found a basalt altar of Yredelemnul.
 10439 | D:8      | Noticed an anaconda
 10461 | D:8      | Killed an anaconda
 10462 | D:8      | Reached skill level 6 in Fighting
 10605 | D:8      | Killed a two-headed ogre
 10606 | D:8      | Reached skill level 8 in Maces & Flails
 11764 | D:9      | Noticed a two-headed ogre
 11769 | D:9      | Killed a two-headed ogre
 11770 | D:9      | Reached skill level 7 in Fighting
 11770 | D:9      | Reached skill level 9 in Maces & Flails
 11770 | D:9      | Reached XP level 11. HP: 98/98 MP: 11/11
 11825 | D:9      | Found an opulent altar of Gozag.
 11867 | D:9      | Found a burning altar of Makhleb.
 11875 | D:9      | Found a glowing silver altar of Zin.
 11875 | D:9      | Noticed an angel
 11875 | D:9      | Noticed a blizzard demon
 11924 | D:9      | Found a hide-covered altar of Uskayaw.
 12356 | D:10     | Entered Level 10 of the Dungeon
 12645 | D:10     | Found an ancient bone altar of Kikubaaqudgha.
 12721 | D:10     | Reached **** piety under Wu Jian
 13131 | D:10     | Found a staircase to the Lair.
 13545 | D:10     | Reached skill level 10 in Maces & Flails
 14536 | Lair:1   | Entered Level 1 of the Lair of Beasts
 15016 | D:10     | Reached skill level 8 in Fighting
 15683 | Lair:1   | Reached skill level 11 in Maces & Flails
 16085 | Lair:1   | Reached skill level 4 in Armour
 16272 | Lair:1   | Identified the +1 robe of Syndicalism {rN+}
 16864 | Lair:2   | Reached skill level 5 in Armour
 16864 | Lair:2   | Reached XP level 12. HP: 32/110 MP: 12/12
 16869 | Lair:2   | HP: 11/110 [poisoned by a black mamba]
 16874 | Lair:1   | HP: 6/110 [poisoned by a black mamba]
 17405 | Lair:2   | Reached skill level 9 in Fighting
 17469 | Lair:2   | Reached skill level 6 in Armour
 17516 | Lair:2   | Paralysed by a centaur for 5 turns
 17549 | Lair:2   | Found a staircase to the Shoals.
 17578 | Lair:2   | Reached skill level 7 in Armour
 17787 | Lair:2   | Found a runed translucent gate.
 17800 | Lair:2   | Reached ***** piety under Wu Jian
 17958 | Lair:2   | Found a runed translucent gate.
 17958 | Lair:2   | Found a runed translucent gate.
 18081 | Lair:2   | Reached skill level 8 in Armour
 18190 | Lair:2   | Noticed holysushi's ghost (journeyman DjNe)
 18193 | Lair:2   | Noticed an ice dragon
 18255 | Lair:2   | Noticed Gastronok
 18261 | Lair:2   | Reached skill level 10 in Axes
 18271 | Lair:2   | Killed Gastronok
 18281 | Lair:2   | HP: 10/112 [pharaoh ant (21)]
 18281 | Lair:2   | Slain by a pharaoh ant

Vanquished Creatures
  Gastronok (Lair:2)
  An anaconda (shapeshifter) (D:8)
  2 two-headed ogres
  2 orc knights (Bailey)
  Pikel (D:6)
  A manticore (D:11)
  2 black mambas
  7 cane toads
  2 torpor snails (Lair:2)
  3 komodo dragons
  A rime drake (Lair:1)
  A troll (D:10)
  3 hornets
  A tarantella (Lair:2)
  4 blink frogs (Lair:2)
  4 dream sheep (Lair:2)
  2 jumping spiders (Lair:2)
  3 wraiths
  7 yaks
  5 wyverns
  3 basilisks
  A steam dragon (D:8)
  2 vampire mosquitoes (D:10)
  Menkaure (D:7)
  3 acid dragons
  3 water moccasins
  7 orc warriors (Bailey)
  4 black bears
  A sky beast (D:8)
  10 wolves
  2 ogres
  6 centaurs
  4 lemures (D:5)
  An elf zombie (D:6)
  8 bullfrogs
  A kobold brigand (D:8)
  A gnoll sergeant (D:5)
  8 scorpions (Ossuary)
  An elf skeleton (D:6)
  4 wights (D:7)
  11 killer bees
  3 electric eels (D:8)
  4 howler monkeys
  A jelly (D:6)
  A centaur zombie (D:8)
  2 hounds (D:5)
  8 orc priests
  Jessica (D:2)
  A human zombie (Ossuary)
  4 iguanas
  A sleepcap (D:6)
  Natasha (thrice) (D:3)
  6 orc wizards
  4 scorpion zombies (Ossuary)
  A killer bee zombie (D:8)
  3 mummies (Ossuary)
  4 gnolls
  7 adders
  2 white imps (D:8)
  An ufetubus (D:5)
  2 worms
  A dart slug (D:3)
  29 orcs
  2 ball pythons
  8 endoplasms
  2 giant cockroaches
  6 gnoll zombies (Ossuary)
  9 hobgoblins
  2 jackals (D:2)
  4 quokkas
  6 bats
  A frilled lizard (D:1)
  12 goblins
  2 goblin zombies (Ossuary)
  5 hobgoblin zombies (Ossuary)
  22 kobolds
  2 kobold zombies (Ossuary)
  4 orc skeletons (D:6)
  An orc zombie (Ossuary)
  A rat (D:2)
313 creatures vanquished.

Vanquished Creatures (others)
  An orc wizard (D:11)
1 creature vanquished.

Grand Total: 314 creatures vanquished

Table legend: (Time is in decaauts)
 A = Elapsed time spent in this place.
 B = Non-inter-level travel time spent in this place.
 C = Inter-level travel time spent in this place.
 D = Time resting spent in this place.
 E = Time spent auto-exploring this place.
 F = Levels seen in this place.
 G = Mean time per level.
                   A        B        C        D        E       F      G
               +--------+--------+--------+--------+--------+-----+--------+
         Total |  18050 |  17002 |   1048 |   3887 |   9191 |  15 | 1203.3 |
       Dungeon |  13700 |  12686 |   1014 |   2658 |   7457 |  11 | 1245.5 |
          Lair |   2618 |   2584 |     34 |    783 |   1286 |   2 | 1309.0 |
       Ossuary |    586 |    586 |      0 |    106 |    159 |   1 |  586.0 |
        Bailey |   1145 |   1145 |      0 |    339 |    289 |   1 | 1145.0 |
               +--------+--------+--------+--------+--------+-----+--------+

Top non-repeatable levels by time:
    D:10: 2844 daAuts
     D:8: 1747 daAuts
  Lair:1: 1601 daAuts
     D:6: 1547 daAuts
     D:5: 1533 daAuts
     D:7: 1442 daAuts
     D:4: 1328 daAuts
  Bailey: 1145 daAuts
  Lair:2: 1017 daAuts
     D:1: 906 daAuts
     D:9: 846 daAuts
     D:3: 676 daAuts
     D:2: 595 daAuts
 Ossuary: 586 daAuts
    D:11: 230 daAuts

Table legend:
 A = Non-vault XP
 B = Vault XP
 C = Vault XP percentage of total XP
 D = Non-vault monster count
 E = Vault monster count
 F = Vault count percentage of total count
                 A         B        C        D         E       F
            +---------+---------+-------+---------+---------+-------
      Total |   20949 |    9361 |  30.9 |     218 |      91 |  29.4
            +---------+---------+-------+---------+---------+-------
        D:1 |      15 |       0 |   0.0 |      10 |       0 |   0.0
        D:2 |      36 |      37 |  50.7 |      17 |       1 |   5.6
        D:3 |     112 |      35 |  23.8 |      15 |       1 |   6.2
        D:4 |     249 |       0 |   0.0 |      25 |       0 |   0.0
        D:5 |     542 |       0 |   0.0 |      11 |       0 |   0.0
        D:6 |     742 |     778 |  51.2 |      16 |       7 |  30.4
        D:7 |     962 |     172 |  15.2 |      19 |       1 |   5.0
        D:8 |    2404 |    1286 |  34.9 |      32 |       9 |  22.0
        D:9 |    1514 |       0 |   0.0 |       7 |       0 |   0.0
       D:10 |    3926 |    1186 |  23.2 |      25 |       6 |  19.4
       D:11 |     502 |       0 |   0.0 |       1 |       0 |   0.0
     Lair:1 |    3892 |       0 |   0.0 |      15 |       0 |   0.0
     Lair:2 |    6053 |    2699 |  30.8 |      25 |       8 |  24.2
    Ossuary |       0 |     935 | 100.0 |       0 |      32 | 100.0
     Bailey |       0 |    2233 | 100.0 |       0 |      26 | 100.0
            +---------+---------+-------+---------+---------+-------
